 Dungeon Crawl Stone Soup version 0.29-a0-6-ga859fcf985 (webtiles) character file.

Game seed: 14706320801792379868

14779 Ijustatesigmund the Fighter (level 12, 0/80 HPs)
             Began as a Gargoyle Fighter on Jan 27, 2022.
             Was a High Priest of Cheibriados.
             Slain by a two-headed ogre (9 damage)
             ... on level 11 of the Dungeon.
             The game lasted 00:21:13 (15530 turns).

Ijustatesigmund the Fighter (Gargoyle Fighter)     Turns: 15530, Time: 00:21:14

Health: 0/80       AC: 23    Str: 33    XL:     12   Next: 20%
Magic:  17/19      EV: 14    Int: 23    God:    Cheibriados [*****.]
Gold:   424        SH:  5    Dex: 20    Spells: 9/11 levels left

rFire   + . .      SeeInvis +   a - +4 flail
rCold   . . .      Faith    .   c - +0 buckler
rNeg    + . .      Spirit   .   b - +2 scale mail {rF+}
rPois   ∞          Reflect  .   s - +1 helmet
rElec   +          Harm     .   i - +1 cloak
rCorr   .          Rampage  .   (no gloves)
Will    .....                   (no boots)
Stlth   ..........              (no amulet)
HPRegen 0.23/turn               d - ring of see invisible
MPRegen 0.16/turn               (no ring)

@: very slow
A: sickness immunity, AC +8, negative energy resistance 1, electricity
resistance, torment resistance 1, petrification resistance
a: Renounce Religion, Bend Time, Temporal Distortion, Slouch, Step From Time


You were on level 11 of the Dungeon.
You worshipped Cheibriados.
Cheibriados was extremely pleased with you.
You visited 1 branch of the dungeon, and saw 12 of its levels.

You collected 424 gold pieces.

Inventory:

Hand Weapons
 a - a +4 flail (weapon)
Armour
 b - a +2 scale mail of fire resistance (worn)
 c - a +0 buckler (worn)
 i - a +1 cloak (worn)
 s - a +1 helmet (worn)
Jewellery
 d - a ring of see invisible (left hand)
 k - a ring of fire
 t - a ring of flight
Wands
 q - a wand of iceblast (20)
Scrolls
 e - 2 scrolls of identify
 f - 4 scrolls of magic mapping
 g - 3 scrolls of fog
Potions
 h - 2 potions of attraction
 j - 2 potions of flight
 m - a potion of brilliance
 n - 2 potions of mutation
 r - a potion of cancellation
 v - a potion of resistance {unknown}


   Skills:
 + Level 11.3 Fighting
 + Level 10.4 Maces & Flails
 - Level 8.0 Armour
 - Level 5.6 Dodging
 + Level 3.3 Shields
 + Level 10.4 Invocations


You had 9 spell levels left.
You knew the following spells:

 Your Spells              Type           Power      Damage    Failure   Level
a - Magic Dart            Conj           0%         1d3       36%         1
b - Apportation           Tloc           0%         N/A       36%         1

Your spell library contained the following spells:

 Spells                   Type           Power      Damage    Failure   Level
 Animate Skeleton         Necr           0%         N/A       36%         1
 Summon Small Mammal      Summ           0%         N/A       36%         1
 Searing Ray              Conj           0%         2d4       50%         2
 Call Canine Familiar     Summ           0%         N/A       73%         3
 Gell's Gravitas          Tloc           0%         N/A       73%         3
 Lesser Beckoning         Tloc           0%         N/A       73%         3
 Summon Guardian Golem    Hex/Summ       0%         N/A       73%         3
 Teleport Other           Tloc           0%         N/A       73%         3
 Animate Armour           Summ/Erth      0%         N/A       98%         4
 Fulminant Prism          Conj/Hex       0%         3d6       98%         4
 Blade Hands              Tmut           0%         N/A       100%        5
 Summon Forest            Summ/Tloc      0%         N/A       100%        5
 Eringya's Noxious Bog    Tmut/Pois      0%         N/A       100%        6
 Iron Shot                Conj/Erth      0%         9d1       100%        6
 Summon Hydra             Summ           0%         N/A       100%        7


Dungeon Overview and Level Annotations

Branches:
Dungeon (12/15)            Temple (0/1) D:6
   Lair: D:8-11         Orc: D:9-12

Altars:
Cheibriados
Fedhas
Gozag
Hepliaklqana
Nemelex Xobeh
Okawaru
Trog
Vehumet
Xom

Shops:
D:6 *=:

Portals:
Trove: D:10 (show abyssal rune of Zot)

Annotations:
D:3 Sigmund


Innate Abilities, Weirdness & Mutations

You are immune to sickness and miasma.
Your stone body is resilient. (AC +8)
You are immune to poison.
You resist negative energy. (rN+)
You are resistant to electric shocks. (rElec)
You are resistant to unholy torment.
You are immune to petrification.


Message History

The two-headed ogre hits you with a +0 giant club!!
You sock the two-headed ogre!
The two-headed ogre is moderately wounded.
The two-headed ogre hits you but does no damage.
The two-headed ogre hits you with a +0 giant club!
You are too injured to fight recklessly!
You are too injured to fight recklessly!
You are too injured to fight recklessly!
You are too injured to fight recklessly!
You are too injured to fight recklessly!
The flow of time bends around you.
Cheibriados rebukes the two-headed ogre.
The two-headed ogre seems to slow down.
Throw: throwing net
Press: ? - help, Q - select action, (/) - cycle Shift-Dir - straight line, f - two-headed ogre
Aim: a two-headed ogre, wielding two +0 giant clubs (moderately wounded, slow, 79% to hit)
You throw a throwing net.
The throwing net completely misses the two-headed ogre.
The two-headed ogre hits you with a +0 giant club.
The two-headed ogre closely misses you.
You hit the two-headed ogre but do no damage.
The two-headed ogre is moderately wounded.
You sock the two-headed ogre!
The two-headed ogre is heavily wounded.
The two-headed ogre misses you. x2
You bludgeon the two-headed ogre!!
The two-headed ogre is severely wounded.
You hit the two-headed ogre.
The two-headed ogre is almost dead.
The two-headed ogre closely misses you.
The two-headed ogre hits you with a +0 giant club!
* * * LOW HITPOINT WARNING * * *
You hit the two-headed ogre.
The two-headed ogre is almost dead.
You completely miss the two-headed ogre.
The two-headed ogre is almost dead.
The two-headed ogre hits you with a +0 giant club!
* * * LOW HITPOINT WARNING * * *
The two-headed ogre hits you with a +0 giant club!
You die...

# ######################
........................
.....#..##......#..#...#
(.....O@.....#..#.......
...##########....#.#####+
... #....#.'.##.. # ..
######....#.#.##.. #.#.
#.........#.#.##..
...#####.###.....#.#.##..
###
#..............#.#.....
....
#.#..............#.....
.^..##
####.......##.......'.....


You could see a two-headed ogre (slow).

Vanquished Creatures
  A boulder beetle (D:11)
  Harold (D:7)
  Erica (D:11)
  2 two-headed ogres (D:11)
  A deep troll (D:10)
  A gargoyle (D:11)
  A komodo dragon (D:11)
  11 trolls
  2 hornets
  Grinder (D:3)
  2 shadows
  15 yaks
  4 vampire mosquitoes (D:10)
  A steam dragon (D:8)
  Menkaure (D:7)
  4 water moccasins
  4 orc warriors
  Duvessa (D:4)
  A black bear (D:7)
  A sky beast (D:7)
  2 necrophages (D:6)
  A hornet zombie (D:6)
  An ogre (D:4)
  3 centaurs
  3 kobold brigands
  6 bullfrogs
  A wyvern zombie (D:7)
  3 scorpions
  A water moccasin zombie (D:10)
  A wyvern skeleton (D:7)
  2 water moccasin skeletons
  Dowan (D:4)
  6 killer bees
  5 wights (D:6)
  2 howler monkeys
  4 electric eels (D:10)
  A centaur zombie (D:8)
  4 orc priests
  A hound (D:6)
  A gnoll shaman (D:6)
  3 jellies
  6 bullfrog skeletons
  2 centaur skeletons
  8 orc wizards
  3 iguanas
  2 killer bee zombies
  4 howler monkey zombies
  6 gnolls
  2 howler monkey skeletons (D:4)
  11 adders
  A white imp (D:8)
  3 ufetubi
  5 worms
  A dart slug (D:1)
  20 orcs
  5 ball pythons
  6 endoplasms
  7 goblins
  10 hobgoblins
  3 jackals (D:4)
  21 kobolds
  4 quokkas
  4 bats (D:2)
  3 frilled lizards (D:1)
  2 rats (D:2)
247 creatures vanquished.

Vanquished Creatures (others)
  5 fungi (D:11)
  2 plants (D:11)
7 creatures vanquished.

Grand Total: 254 creatures vanquished

Notes
Turn   | Place    | Note
-------+----------+-------------------------------------------
     0 | D:1      | Ijustatesigmund the Gargoyle Fighter began the quest for
                  | the Orb.
     0 | D:1      | Reached XP level 1. HP: 14/14 MP: 1/1
     7 | D:1      | Noticed a minotaur skeleton
    15 | D:1      | Noticed a minotaur skeleton
   485 | D:1      | Reached XP level 2. HP: 19/19 MP: 2/2
  1269 | D:1      | Reached XP level 3. HP: 24/24 MP: 3/3
  1754 | D:2      | Reached skill level 4 in Fighting
  1984 | D:2      | Reached XP level 4. HP: 29/29 MP: 4/4
  2040 | D:2      | Found a faded altar of an unknown god.
  2106 | D:2      | Found a snail-covered altar of Cheibriados.
  2257 | D:2      | Became a worshipper of Cheibriados the Contemplative
  3310 | D:3      | Noticed Grinder
  3319 | D:3      | Killed Grinder
  3320 | D:3      | Reached XP level 5. HP: 6/34 MP: 4/6
  3320 | D:3      | Reached XP level 6. HP: 7/40 MP: 4/7
  3615 | D:3      | Found an opulent altar of Gozag.
  3638 | D:3      | Noticed Sigmund
  3741 | D:4      | Reached skill level 5 in Fighting
  3749 | D:4      | Reached * piety under Cheibriados
  3822 | D:4      | Reached XP level 7. HP: 22/44 MP: 9/9
  4053 | D:4      | Found an iron altar of Okawaru.
  4061 | D:4      | Noticed Duvessa
  4206 | D:4      | Noticed Dowan
  4222 | D:4      | Killed Duvessa
  4223 | D:4      | Reached skill level 5 in Maces & Flails
  4233 | D:4      | Reached skill level 5 in Armour
  4241 | D:4      | Killed Dowan
  4826 | D:4      | Reached XP level 8. HP: 51/51 MP: 11/11
  4871 | D:4      | Reached skill level 6 in Fighting
  5199 | D:5      | Entered Level 5 of the Dungeon
  5224 | D:5      | Reached ** piety under Cheibriados
  5706 | D:5      | Reached skill level 5 in Invocations
  6196 | D:5      | Found a hazy altar of Hepliaklqana.
  6613 | D:5      | Found a snail-covered altar of Cheibriados.
  6613 | D:5      | Found a bloodstained altar of Trog.
  6656 | D:6      | Found Vokaij's Jewellery Emporium.
  6697 | D:6      | Reached skill level 7 in Fighting
  6697 | D:6      | Reached XP level 9. HP: 57/57 MP: 13/13
  6701 | D:6      | Reached *** piety under Cheibriados
  7122 | D:6      | Found Doliw's Book Shoppe.
  7600 | D:6      | Found Gudua's Assorted Antiques.
  7980 | D:6      | Found a staircase to the Ecumenical Temple.
  8089 | D:6      | Found a radiant altar of Vehumet.
  8262 | D:7      | Noticed Menkaure
  8274 | D:7      | Killed Menkaure
  8601 | D:7      | Reached **** piety under Cheibriados
  8668 | D:7      | Noticed Harold
  8685 | D:7      | Killed Harold
  8686 | D:7      | Reached skill level 8 in Fighting
  8686 | D:7      | Reached XP level 10. HP: 54/65 MP: 13/15
  8958 | D:7      | Reached skill level 1 in Dodging
  9773 | D:8      | Found a shimmering altar of Xom.
  9798 | D:8      | Reached skill level 9 in Fighting
 11027 | D:8      | Reached ***** piety under Cheibriados
 11136 | D:9      | Reached XP level 11. HP: 54/72 MP: 17/17
 11372 | D:9      | Found a sparkling altar of Nemelex Xobeh.
 11486 | D:9      | Found a blossoming altar of Fedhas.
 12137 | D:10     | Entered Level 10 of the Dungeon
 12161 | D:10     | Reached skill level 10 in Fighting
 12977 | D:10     | Noticed a deep troll
 12981 | D:10     | Killed a deep troll
 13773 | D:10     | Found a portal to a secret trove of treasure.
 14027 | D:11     | Noticed a two-headed ogre
 14052 | D:11     | Killed a two-headed ogre
 14053 | D:11     | Reached skill level 5 in Dodging
 14402 | D:11     | Reached skill level 10 in Maces & Flails
 14467 | D:11     | Reached skill level 10 in Invocations
 14635 | D:11     | Reached skill level 11 in Fighting
 14697 | D:11     | Noticed Erica
 14707 | D:11     | Killed Erica
 14708 | D:11     | Reached XP level 12. HP: 67/80 MP: 19/19
 14749 | D:11     | Learned a level 1 spell: Magic Dart
 14751 | D:11     | Learned a level 1 spell: Apportation
 14758 | D:11     | Noticed a boulder beetle
 14785 | D:11     | Noticed a two-headed ogre
 14795 | D:11     | Killed a two-headed ogre
 14959 | D:11     | Killed a boulder beetle
 15515 | D:11     | Noticed a two-headed ogre
 15530 | D:11     | Slain by a two-headed ogre

Illustrated notes

Levels and vault maps discovered:
D:1:      shiori_arrival_whats_in_store_for_you, layout_basic
D:2:      layout_basic, basic_altar, ebering_ecumenical_altar_ruins,
          chequers_decorated_corner
D:3:      layout_basic, mainiacjoe_overflow_chevrons,
          mainiacjoe_overflow_concentric_impassable, uniq_grinder, uniq_sigmund,
          uniq_crazy_yiuf_cottage
D:4:      layout_loops_ring, mainiacjoe_overflow_cross_hatched,
          minmay_crystal_room, minivault_14, uniq_ijyb, uniq_duvessa
D:5:      layout_loops_ring, nzn_hepliaklqana_mist_gate,
          gammafunk_temple_overflow_elements
D:6:      layout_basic, mainiacjoe_overflow_alcove_2,
          minmay_temple_entry_statues, serial_shops, nicolae_stop_n_shop_2,
          nicolae_take_the_stairs, shop
D:7:      layout_basic, amcnicky_mini_pool_small, uniq_harold, uniq_menkaure
D:8:      layout_loops_ring, xom_confusion_cloud
D:9:      layout_roguey, kennysheep_little_box, fedhas_altar_fruit_tree,
          serial_aquarium, aquarium_bridge_island_small
          [aquarium_subvault_small_water, aquarium_subvault_wall,
          aquarium_subvault_bridge, aquarium_subvault_wall,
          aquarium_subvault_bridge], aquarium_window_1, aquarium_window_1,
          aquarium_view_2f, aquarium_view_2a, aquarium_balcony_5a,
          aquarium_pool_corner
D:10:     lemuel_troll_bridge, layout_irregular_city,
          nicolae_trove_entry_diagonal
D:11:     minmay_smoke_and_mirrors, layout_stronghold,
          grunt_lair_entry_orc_guard_hut, kennysheep_nub, grunt_ministairs_10,
          minmay_liquid_box, uniq_erica
D:12:     layout_loops_ring, minmay_holes, nicolae_elyvilon_temple_path

Skill      XL: |  1  2  3  4  5  6  7  8  9 10 11 |
---------------+----------------------------------+-----
Maces & Flails | 3 4 5 6 7 8 10 | 10.4
Fighting       | 4 5 7 8 9 11 | 11.3
Armour         | 4 5 6 8 |  8.0
Invocations    | 2 4 5 7 8 10 | 10.4
Dodging        | 3 5 |  5.6
Shields        | |  3.3

Action                   |  1- 3 |  4- 6 |  7- 9 | 10-12 || total
-------------------------+-------+-------+-------+-------++-------
Melee: Flail             |   154 |   107 |   334 |   328 ||   923
       Mace              |       |       |    78 |   181 ||   259
Throw: Throwing net      |       |       |     2 |     5 ||     7
Invok: Bend Time         |       |       |     3 |    10 ||    13
       Slouch            |       |       |       |     2 ||     2
Evoke: Wand              |       |       |       |     7 ||     7
  Use: Scroll            |     6 |     3 |     5 |     8 ||    22
       Potion            |       |     2 |     2 |     2 ||     6
 Stab: Held in net/web   |       |       |     1 |     2 ||     3
Armor: Scale mail        |    47 |       |       |   246 ||   293
       Plate armour      |    57 |    86 |   402 |       ||   545
Dodge: Dodged            |    67 |    52 |   181 |   279 ||   579
Block: Buckler           |    31 |    30 |   126 |   144 ||   331

Table legend: (Time is in decaauts)
 A = Elapsed time spent in this place.
 B = Non-inter-level travel time spent in this place.
 C = Inter-level travel time spent in this place.
 D = Time resting spent in this place.
 E = Time spent auto-exploring this place.
 F = Levels seen in this place.
 G = Mean time per level.
                   A        B        C        D        E       F      G
               +--------+--------+--------+--------+--------+-----+--------+
         Total |  19595 |  18837 |    758 |   4863 |  11344 |  12 | 1632.9 |
       Dungeon |  19595 |  18837 |    758 |   4863 |  11344 |  12 | 1632.9 |
               +--------+--------+--------+--------+--------+-----+--------+

Top non-repeatable levels by time:
    D:10: 2237 daAuts
     D:2: 2223 daAuts
     D:4: 2067 daAuts
     D:6: 2051 daAuts
     D:7: 1980 daAuts
     D:9: 1963 daAuts
     D:8: 1863 daAuts
    D:11: 1818 daAuts
     D:5: 1592 daAuts
     D:1: 1327 daAuts
     D:3: 466 daAuts
    D:12: 1 daAuts
